 Dungeon Crawl Stone Soup version 0.29.0-4-gdea44cf6ec (webtiles) character file.

Game seed: 7033190787324758027

89 qw the Chopper (level 4, 0/26 HPs)
             Began as a Tengu Warper on Aug 28, 2022.
             Succumbed to an adder's poison
             ... on level 3 of the Dungeon.
             The game lasted 00:00:15 (2713 turns).

qw the Chopper (Tengu Warper)                       Turns: 2713, Time: 00:00:16

Health: 0/26       AC:  3    Str: 13    XL:     4   Next: 55%
Magic:  8/8        EV: 12    Int: 13    God:
Gold:   58         SH:  0    Dex: 14    Spells: 7/7 levels left

rFire   . . .      SeeInvis .   i - +0 war axe
rCold   . . .      Faith    .   (no shield)
rNeg    + . .      Spirit   .   b - +0 leather armour
rPois   .          Reflect  .   (helmet restricted)
rElec   .          Harm     .   (no cloak)
rCorr   .          Rampage  .   (no gloves)
Will    .....                   (boots unavailable)
Stlth   +.........              (no amulet)
HPRegen 0.08/turn               j - ring of positive energy
MPRegen 0.11/turn               (no ring)

@: lethally poisoned (0 -> -5)
A: beak, talons 3
a: no special abilities


You were on level 3 of the Dungeon.
You visited 1 branch of the dungeon, and saw 3 of its levels.

You collected 110 gold pieces.
You spent 52 gold pieces at shops.


Innate Abilities, Weirdness & Mutations

You have a beak for a mouth.
You have claws for feet.


   Skills:
 - Level 2.0 Fighting
 + Level 5.1 Axes
 - Level 1.0 Throwing
 - Level 1.1 Armour
 - Level 2.1 Dodging
 - Level 2.0 Spellcasting
 - Level 2.4 Translocations


You had 7 spell levels left.
You didn't know any spells.
Your spell library contained the following spells:

 Spells                   Type           Power      Damage    Failure   Level
 Blink                    Tloc           14%        N/A       19%         2
 Gell's Gravitas          Tloc           7%         N/A       36%         3
 Lesser Beckoning         Tloc           7%         N/A       36%         3
 Teleport Other           Tloc           7%         N/A       36%         3
 Manifold Assault         Tloc           7%         N/A       98%         5

Inventory:

Hand Weapons
 i - a +0 war axe (weapon)
 l - a +0 whip of draining
Missiles
 e - 5 boomerangs (quivered)
Armour
 a - a +0 ring mail
 b - a +0 leather armour (worn)
Jewellery
 j - a ring of positive energy (left hand)
Scrolls
 f - a scroll of noise {unknown}
 h - 2 scrolls of identify
Potions
 c - 2 potions of resistance {unknown}
 d - a potion of might {unknown}
 g - a potion of mutation {unknown}

Dungeon Overview and Level Annotations

Branches:
Dungeon (3/15)

Altars:

Shops:
D:2 *


Message History

You barely miss the adder. Your kick misses the adder.
The adder bites you but does no damage. The adder bites you.
You are poisoned.
The adder poisons you!
You barely miss the adder. You claw the adder.
The adder is moderately wounded.
You feel sick. The adder bites you but does no damage.
The adder barely misses you.
You barely miss the adder.
The adder is lightly wounded.
You feel sick. The adder barely misses you.
You barely miss the adder. Your kick misses the adder.
The adder is lightly wounded.
You feel sick.
You are no longer poisoned.
The adder barely misses you. The adder misses you.
You hit the adder. Your kick misses the adder. Your peck misses the adder.
The adder is moderately wounded.
The adder bites you.
You closely miss the adder.
The adder is moderately wounded.
The adder bites you. x2
You miss the adder. You claw the adder. Your peck misses the adder.
The adder is almost dead.
The adder bites you.
You are poisoned.
The adder poisons you! The adder bites you.
You are lethally poisoned!
The adder poisons you!
You closely miss the adder. Your peck misses the adder.
The adder is almost dead.
You feel very sick. The adder bites you. x2
You slash the adder!
You kill the adder!
You feel sick.
There is a lethal amount of poison in your body!
You feel sick.
There is a lethal amount of poison in your body!
You die...

######.##
#......#.#
#..#####....#.#
##..# #..####.#
#######.###.##
#.#
...........>#
#.# #
#############
#.# ... #.#
.....#########
#.#
..(....@.....#
#.#
############.#
#.# #.# #.# #.#
#.# #.# #.# #.#
#.#
#.#########.#
#...........#
#.###########


There were no monsters in sight!

Vanquished Creatures
  A gnoll (D:1)
  2 adders
  2 adder zombies (D:2)
  An adder skeleton (D:2)
  A worm (D:2)
  3 bat skeletons (D:2)
  A bat zombie (D:2)
  3 endoplasms
  2 giant cockroaches
  7 goblins
  4 hobgoblins
  4 ball pythons
  A ball python skeleton (D:2)
  A ball python zombie (D:2)
  4 frilled lizards
  7 kobolds
  A quokka skeleton (D:2)
  4 rats
49 creatures vanquished.

Vanquished Creatures (others)
  2 withered plants (D:2)
2 creatures vanquished.

Grand Total: 51 creatures vanquished

Notes
Turn   | Place    | Note
-------+----------+-------------------------------------------
     0 | D:1      | qw the Tengu Warper began the quest for the Orb.
     0 | D:1      | Reached XP level 1. HP: 12/12 MP: 4/4
     0 | D:1      | 0 ||| qw: Version: 0.1-a-89-g26bdef1
     0 | D:1      | 0 ||| qw: Game counter: 452
     0 | D:1      | 0 ||| qw: Always use a shield: true
     0 | D:1      | 0 ||| qw: God list: Okawaru
     0 | D:1      | 0 ||| qw: Allow faded altars: false
     0 | D:1      | 0 ||| qw: Do Orc after D:15 true
     0 | D:1      | 0 ||| qw: Do second Lair branch before Depths: true
     0 | D:1      | 0 ||| qw: Lair rune preference: random
     0 | D:1      | 0 ||| qw: Plans: Normal
     0 | D:1      | 0 ||| PLANNING D:1-11
    43 | D:1      | 43 ||| Stepping ~*~*~tactically~*~*~ (stealth).
    49 | D:1      | 49 ||| Stepping ~*~*~tactically~*~*~ (stealth).
    61 | D:1      | Reached skill level 3 in Axes
    61 | D:1      | Reached XP level 2. HP: 9/17 MP: 6/6
   148 | D:1      | 148 ||| Stepping ~*~*~tactically~*~*~ (stealth).
   227 | D:1      | Found a faded altar of an unknown god.
   296 | D:1      | 296 ||| DROPPING +0 club.
   347 | D:1      | 347 ||| Stepping ~*~*~tactically~*~*~ (stealth).
   348 | D:1      | 348 ||| Stepping ~*~*~tactically~*~*~ (stealth).
   549 | D:1      | Reached XP level 3. HP: 21/21 MP: 7/7
  1033 | D:1      | 1033 ||| DROPPING +0 whip.
  1332 | D:1      | 1332 ||| UPGRADING to ring of positive energy.
  1333 | D:1      | 1333 ||| READING scroll labelled XAUDO NUCIN.
  1334 | D:1      | 1334 ||| READING scroll labelled PEKKEE IHIGG.
  1335 | D:1      | 1335 ||| READING scroll labelled DOUSASTUCOSS.
  1339 | D:1      | 1339 ||| READING scroll labelled YSOYJ TAHORUNN.
  1340 | D:1      | 1340 ||| READING scroll labelled GUPTELLOSCH.
  1341 | D:1      | 1341 ||| DROPPING scroll of blinking.
  1372 | D:2      | Reached skill level 4 in Axes
  1681 | D:2      | Reached XP level 4. HP: 26/26 MP: 8/8
  1706 | D:2      | Found Emef's Assorted Antiques.
  1714 | D:2      | 1714 ||| BUYING 2 bubbling coppery potions (52 gold).
  1714 | D:2      | Bought 2 bubbling coppery potions for 52 gold pieces
  1714 | D:2      | 1714 ||| SHOPLISTING chain mail (130 gold, have 9).
  1714 | D:2      | 1714 ||| SHOPLISTING large bronze amulet (145 gold, have
                  | 9).
  1714 | D:2      | 1714 ||| SHOPLISTING scroll labelled FEMYOXZINUCA (29 gold,
                  | have 9).
  1873 | D:2      | 1873 ||| Stepping ~*~*~tactically~*~*~ (stealth).
  1875 | D:2      | 1875 ||| Stepping ~*~*~tactically~*~*~ (stealth).
  1877 | D:2      | 1877 ||| Stepping ~*~*~tactically~*~*~ (stealth).
  1879 | D:2      | 1879 ||| Stepping ~*~*~tactically~*~*~ (stealth).
  2066 | D:2      | 2066 ||| READING scroll labelled NUKOCO FYCKU.
  2067 | D:2      | 2067 ||| DRINKING 2 white potions.
  2172 | D:2      | 2172 ||| DRINKING 2 metallic red potions.
  2173 | D:2      | 2173 ||| DRINKING 2 bubbling coppery potions.
  2174 | D:2      | 2174 ||| DROPPING potion of berserk rage.
  2175 | D:2      | 2175 ||| DROPPING potion of flight.
  2176 | D:2      | 2176 ||| DROPPING potion of magic.
  2444 | D:3      | Reached skill level 5 in Axes
  2455 | D:3      | 2455 ||| SWAPPING to +0 war axe.
  2456 | D:3      | 2456 ||| DROPPING +1 hand axe.
  2710 | D:3      | HP: 6/26 [adder (1)]
  2712 | D:3      | HP: 1/26 [poisoned by an adder]
  2713 | D:3      | Succumbed to an adder's poison

Levels and vault maps discovered:
D:1:      tarquinn_simple_flora_water_e, layout_basic,
          ebering_ecumenical_altar_box
D:2:      layout_basic, serial_shops, shop, serial_undead, serial_undead_d,
          serial_undead_b, serial_undead_a, serial_undead_e, serial_undead_d,
          serial_undead_d, serial_undead_e, serial_undead_b, serial_undead_a,
          serial_undead_b
D:3:      layout_basic, kennysheep_flooded_box

Skill      XL: |  1  2  3  4 |
---------------+-------------+-----
Axes           | 3 4 5 |  5.1
Fighting       | |  2.0
Throwing       | |  1.0
Armour         | |  1.1
Dodging        | |  2.1
Spellcasting   | |  2.0
Translocations | |  2.4

Action                   |  1- 3 |  4- 6 || total
-------------------------+-------+-------++-------
Melee: Hand axe          |    65 |    11 ||    76
       Peck              |     3 |     3 ||     6
       Kick              |    13 |     4 ||    17
       War axe           |       |     9 ||     9
Throw: Boomerang         |    23 |    25 ||    48
  Use: Scroll            |     5 |     1 ||     6
       Potion            |       |     3 ||     3
 Stab: Sleeping          |     1 |       ||     1
Armor: Leather armour    |     7 |     5 ||    12
Dodge: Dodged            |    31 |    10 ||    41

Table legend:
 A = Non-vault XP
 B = Vault XP
 C = Vault XP percentage of total XP
 D = Non-vault monster count
 E = Vault monster count
 F = Vault count percentage of total count
                 A         B        C        D         E       F
            +---------+---------+-------+---------+---------+-------
      Total |     100 |      28 |  21.9 |      39 |      10 |  20.4
            +---------+---------+-------+---------+---------+-------
        D:1 |      44 |       0 |   0.0 |      20 |       0 |   0.0
        D:2 |      31 |      28 |  47.5 |      11 |      10 |  47.6
        D:3 |      25 |       0 |   0.0 |       8 |       0 |   0.0
            +---------+---------+-------+---------+---------+-------
